 Dungeon Crawl Stone Soup version 0.21.1-1-g345015fe64 (webtiles) character file.

772 Naow the Chopper (level 8, -4/58 HPs)
             Began as a Formicid Fighter on June 9, 2018.
             Slain by an ogre
             ... wielding a +0 giant club
              (7 damage)
             ... on level 5 of the Dungeon.
             The game lasted 00:04:53 (3572 turns).

Naow the Chopper (Formicid Fighter)                 Turns: 3572, Time: 00:04:54

Health: -4/58      AC: 12    Str: 24    XL:     8   Next: 9%
Magic:  8/8        EV:  6    Int:  7    God:
Gold:   229        SH: 11    Dex: 10    Spells: 7/7 levels left

rFire    . . .     SeeInvis +   a - +0 war axe
rCold    . . .     Gourm    .   c - +0 shield
rNeg     . . .     Faith    .   n - +0 plate armour
rPois    .         Spirit   .   (helmet unavailable)
rElec    .         Reflect  .   (no cloak)
rCorr    .         Harm     .   q - +0 pair of gloves
MR       .....                  (no boots)
Stlth    ..........             h - amulet of magic regeneration
HPRegen  0.19/turn              (no ring)
MPRegen  0.36/turn              (no ring)

@: no status effects
A: permanent stasis, dig shafts and tunnels, four strong arms, antennae 3
a: Dig, Shaft Self


You were on level 5 of the Dungeon.
You were not hungry.

You visited 1 branch of the dungeon, and saw 5 of its levels.

You collected 229 gold pieces.

Inventory:

Hand Weapons
 a - a +0 war axe (weapon)
Armour
 b - a +0 scale mail
 c - a +0 shield (worn)
 n - a +0 plate armour (worn)
 q - a +0 pair of gloves (worn)
Jewellery
 h - an amulet of magic regeneration (around neck)
Wands
 j - a wand of polymorph (8)
 o - a wand of digging (16)
Scrolls
 e - 3 scrolls of remove curse {unknown}
 k - a scroll of immolation {unknown}
 l - 4 scrolls of identify {unknown}
 p - a scroll of fog {unknown}
Potions
 d - a potion of might
 g - a potion of cancellation {unknown}
 i - a potion of haste {unknown}
 m - a potion of berserk rage {unknown}
Books
 r - a book of Callings

   Spells                             Type                      Level
   a - Summon Small Mammal            Summoning                    1
   b - Call Imp                       Summoning                    2
   c - Call Canine Familiar           Summoning                    3
   d - Summon Guardian Golem          Hexes/Summoning              3
   e - Summon Lightning Spire         Summoning/Air                4
   f - Summon Ice Beast               Ice/Summoning                4
Comestibles
 f - 9 rations
 s - 3 chunks of flesh


   Skills:
 - Level 3.2 Fighting
 * Level 7.1 Axes
 - Level 3.2 Armour
 + Level 6.8 Shields


You had 7 spell levels left.
You didn't know any spells.

Dungeon Overview and Level Annotations

Branches:
Dungeon (5/15)
 Temple: D:4-7

Altars:
Xom


Innate Abilities, Weirdness & Mutations

You cannot be hasted, slowed, berserked, paralysed or teleported.
You can dig through walls and to a lower floor.
Your four strong arms can wield two-handed weapons with a shield.
You have a pair of large antennae on your head. (SInv)


Message History

You barely miss the ogre.
The ogre is moderately wounded.
The ogre hits you with a giant club!
* * * LOW HITPOINT WARNING * * *
You block the ogre's attack.
Your plate armour prevents you from hitting the ogre.
The ogre is moderately wounded.
The ogre barely misses you.
You hit the ogre but do no damage.
The ogre is moderately wounded.
The ogre hits you with a giant club.
* * * LOW HITPOINT WARNING * * *
You slash the ogre!
The ogre is severely wounded.
The ogre hits you with a giant club!
* * * LOW HITPOINT WARNING * * *
You hit the ogre.
The ogre is severely wounded.
The ogre hits you with a giant club!
You die...

#..................#.........
##......#########'###....###
)#......###. ##..####†#####
.#........... #....#...†...#
.†........... #....#...)...#
.#............#....#.......+
.#.##########+#######......#
#### #..##...##......# {
#....@...........#
#....O...........#
#................#
#................#
+................#
#................#
###+##############


You could see an ogre.

Vanquished Creatures
  Sigmund (D:2)
  A black bear (D:4)
  A howler monkey (D:3)
  A hound (D:4)
  An orc priest (D:3)
  4 orc wizards
  3 worker ants
  A hound skeleton (D:2)
  A howler monkey zombie (D:5)
  Robin (D:4)
  5 adders
  A shadow imp (D:2)
  2 oozes (D:2)
  7 worms
  A dart slug (D:2)
  4 leopard geckos
  10 orcs
  11 bats
  2 giant cockroaches
  22 goblins
  9 hobgoblins
  12 jackals
  9 kobolds
  3 ball pythons
  2 frilled lizards (D:2)
  A jackal zombie (D:5)
  A leopard gecko skeleton (D:4)
  4 rats (D:1)
121 creatures vanquished.

Notes
Turn   | Place    | Note
-------+----------+-------------------------------------------
     0 | D:1      | Naow the Formicid Fighter began the quest for the Orb.
     0 | D:1      | Reached XP level 1. HP: 18/18 MP: 1/1
    76 | D:1      | Reached XP level 2. HP: 21/24 MP: 2/2
   358 | D:1      | Reached XP level 3. HP: 29/29 MP: 3/3
   506 | D:1      | Reached skill level 3 in Axes
   813 | D:2      | Found a faded altar of an unknown god.
   861 | D:2      | Reached XP level 4. HP: 25/35 MP: 4/4
  1245 | D:2      | Noticed Sigmund
  1256 | D:2      | Killed Sigmund
  1256 | D:2      | Reached skill level 5 in Axes
  1256 | D:2      | Reached skill level 5 in Shields
  1256 | D:2      | Reached XP level 5. HP: 37/41 MP: 5/5
  1256 | D:2      | Reached XP level 6. HP: 43/47 MP: 6/6
  1725 | D:2      | Found a stormy altar of Qazlal.
  1727 | D:2      | Found a hazy altar of Hepliaklqana.
  1727 | D:2      | Found a shimmering altar of Xom.
  1729 | D:2      | Found an iron altar of Okawaru.
  1729 | D:2      | Found an opulent altar of Gozag.
  1729 | D:2      | Found a sparkling altar of Nemelex Xobeh.
  2889 | D:3      | Reached XP level 7. HP: 36/52 MP: 7/7
  3044 | D:3      | Reached skill level 6 in Axes
  3067 | D:4      | Noticed Robin
  3087 | D:4      | Killed Robin
  3439 | D:5      | Entered Level 5 of the Dungeon
  3497 | D:5      | Reached skill level 7 in Axes
  3497 | D:5      | Reached XP level 8. HP: 54/58 MP: 8/8
  3571 | D:5      | HP: 2/58 [ogre/giant club (9)]
  3572 | D:5      | Slain by an ogre

Skill      XL: |  1  2  3  4  5  6  7 |
---------------+----------------------+-----
Shields        | 4 5 6 |  6.8
Axes           | 3 5 7 |  7.1
Fighting       | |  3.2
Armour         | |  3.2

Action                   |  1- 3 |  4- 6 |  7- 9 || total
-------------------------+-------+-------+-------++-------
Melee: War axe           |   103 |   159 |   143 ||   405
       Unarmed           |       |     2 |       ||     2
  Eat: Chunk             |       |     7 |     2 ||     9
Armor: Scale mail        |    31 |    48 |       ||    79
       Plate armour      |       |    18 |   109 ||   127
Dodge: Dodged            |    25 |    65 |    33 ||   123
Block: Shield            |    49 |    92 |    86 ||   227
